 Dungeon Crawl Stone Soup version 0.31-a0-18-gea43df2a32 (webtiles) character file.

Game seed: 15301281521504660366

6 IdlyInterested the Twirler (level 1, -1/16 HPs)
             Began as a Demonspawn Gladiator on May 10, 2023.
             Frozen to death by an endoplasm (5 damage)
             ... on level 1 of the Dungeon.
             The game lasted 00:00:48 (63 turns).

IdlyInterested the Twirler (Demonspawn Gladiator)     Turns: 63, Time: 00:00:48

Health: -1/16      AC:  4    Str: 14    XL:     1   Next: 75%
Magic:  1/1        EV: 12    Int:  9    God:
Gold:   21         SH:  0    Dex: 14    Spells: 0/0 levels left

rFire   . . .        a - +0 quarterstaff
rCold   . . .        (shield currently unavailable)
rNeg    . . .        b - +0 leather armour
rPois   .            c - +0 helmet
rElec   .            (no cloak)
rCorr   .            (no gloves)
SInv    .            (no boots)
Will    .....        (no amulet)
Stlth   +            (no ring)
HPRegen 0.22/turn    (no ring)
MPRegen 0.07/turn

%: no passive effects
@: no status effects
A: no striking features
a: no special abilities


You were on level 1 of the Dungeon.
You visited 1 branch of the dungeon, and saw 1 of its levels.

You collected 21 gold pieces.

Inventory:

Hand Weapons
 a - a +0 quarterstaff (weapon)
 g - a +0 spear
Missiles
 d - 3 throwing nets (quivered)
 e - a javelin
 i - 6 stones
Armour
 b - a +0 leather armour (worn)
 c - a +0 helmet (worn)
 f - an orb of light
Potions
 h - a potion of curing {unknown}


   Skills:
 - Level 2.0 Fighting
 + Level 2.8 Staves
 - Level 1.7 Throwing
 + Level 0.3 Armour
 - Level 2.6 Dodging
 * Level 0.9 Evocations


You couldn't memorise any spells.
You didn't know any spells.
Your spell library was empty.

Dungeon Overview and Level Annotations

Branches:
Dungeon (1/15)

Altars:


Message History

The kobold shouts!
A bat comes into view.
An endoplasm comes into view.
A bat comes into view.
The quokka bites you.
The quokka bites you but does no damage.
The bat moves out of view.
You see here a +0 dagger.
You miss the quokka.
The quokka bites you but does no damage.
You hit the quokka.
The quokka is almost dead.
The quokka closely misses you.
You miss the quokka.
The quokka is almost dead.
The quokka bites you. The quokka misses you.
You sock the quokka!
You kill the quokka!
The bat hits you but does no damage.
You closely miss the kobold. The bat hits you but does no damage.
The kobold closely misses you.
You sock the kobold!
You kill the kobold!
The bat misses you. x3
You closely miss the bat. The bat barely misses you. x2
You sock the bat!
You kill the bat!
You barely miss the endoplasm. The endoplasm freezes you.
You are frozen.
The endoplasm hits you but does no damage.
You hit the endoplasm.
The endoplasm is moderately wounded.
The endoplasm freezes you.
You are frozen.
* * * LOW HITPOINT WARNING * * *
You hit the endoplasm but do no damage.
The endoplasm is moderately wounded.
The endoplasm freezes you.
You are frozen.
You die...

#.# ### #.# # #..
... .# #.# #.#
..# #.# #.# ..K.
#.# ##.###>....
#.# ##.......b..
##.###..#)###.##
P###†......#.@.#
.P#.........###J#
.♣###..###...#
... ♣PP#
#.......## .#.#


♣PPP #..####.# ...[# P.♣ #..####.#.#.# ## #######..#......### .......†...##.###.
......####........ You could see an endoplasm.

Vanquished Creatures
  A goblin (D:1)
  A hobgoblin (D:1)
  A quokka (D:1)
  2 bats (D:1)
  A kobold (D:1)
6 creatures vanquished.

Notes
Turn   | Place    | Note
-------+----------+-------------------------------------------
     0 | D:1      | IdlyInterested the Demonspawn Gladiator began the quest for
                  | the Orb.
     0 | D:1      | Reached XP level 1. HP: 16/16 MP: 1/1
    63 | D:1      | Frozen to death by an endoplasm

Illustrated notes

Levels and vault maps discovered:
D:1:      minmay_arrival_arboretum_large, layout_loops_ring,
          minmay_indecisive_spiral

Action                     || total
---------------------------++-------
  Melee: Quarterstaff      ||    16
 Armour: Leather armour    ||     7
  Dodge: Dodged            ||     8

Table legend: (Time is in decaauts)
 A = Elapsed time spent in this place.
 B = Non-inter-level travel time spent in this place.
 C = Inter-level travel time spent in this place.
 D = Time resting spent in this place.
 E = Time spent auto-exploring this place.
 F = Levels seen in this place.
 G = Mean time per level.
                   A        B        C        D        E       F      G
               +--------+--------+--------+--------+--------+-----+--------+
         Total |     65 |     65 |      0 |      0 |      8 |   1 |   65.0 |
       Dungeon |     65 |     65 |      0 |      0 |      8 |   1 |   65.0 |
               +--------+--------+--------+--------+--------+-----+--------+

Top non-repeatable levels by time:
     D:1: 65 daAuts
